 Dungeon Crawl Stone Soup version 0.30-a0-636-g200c5c4a83 (webtiles) character file.

Game seed: 2080122331160293367

279 Keeyek the Covered (level 6, -1/38 HPs)
             Began as a Gargoyle Fighter on Jan 15, 2023.
             Was an Initiate of Yredelemnul.
             Slain by a polar bear (16 damage)
             ... created by the rage of Trog
             ... on level 4 of the Dungeon.
             The game lasted 00:15:44 (3929 turns).

Keeyek the Covered (Gargoyle Fighter)               Turns: 3929, Time: 00:15:45

Health: -1/38      AC: 16    Str: 22    XL:     6   Next: 26%
Magic:  6/6        EV:  8    Int:  8    God:    Yredelemnul [......]
Gold:   107        SH:  0    Dex:  9    Spells: 5/5 levels left

rFire   . . .      SeeInvis .    a - +0 flail
rCold   . . .      Faith    .    w - orb {light}
rNeg    + . .      Spirit   .    q - +0 chain mail
rPois   ∞          Reflect  .    v - +0 helmet
rElec   +          Harm     .    n - +0 cloak
rCorr   .          Rampage  .    (no gloves)
Will    .....                    (no boots) Stlth
                                 h - amulet of the acrobat
HPRegen 0.26/turn                (no ring)
MPRegen 0.10/turn                (no ring)

@: glowing
A: sickness immunity, AC +4, negative energy resistance 1, electricity
resistance, torment resistance 1, petrification resistance
a: Renounce Religion, Recall Undead Harvest


You were on level 4 of the Dungeon.
You worshipped Yredelemnul.
Yredelemnul was noncommittal.
You visited 1 branch of the dungeon, and saw 4 of its levels.

You collected 107 gold pieces.

Inventory:

Hand Weapons
 a - a +0 flail (weapon)
 j - a +0 falchion
Armour
 b - a +0 scale mail
 c - a +0 buckler
 e - a +0 ring mail
 n - a +0 cloak (worn)
 q - a +0 chain mail (worn)
 r - a +0 tower shield
 v - a +0 helmet (worn)
 w - an orb of light (worn)
Jewellery
 h - an amulet of the acrobat (around neck)
 p - a ring of willpower
Scrolls
 g - a scroll of identify {unknown}
 k - 2 scrolls of magic mapping {unknown}
 m - 2 scrolls of blinking {unknown}
 t - a scroll of poison {unknown}
 u - 2 scrolls of enchant armour {unknown}
Potions
 d - 2 potions of might
 f - a potion of heal wounds {unknown}
 i - a potion of ambrosia {unknown}
 l - a potion of attraction {unknown}
 o - a potion of curing {unknown}
 s - a potion of brilliance {unknown}


   Skills:
 + Level 4.0 Fighting
 + Level 3.7 Maces & Flails
 + Level 4.8 Armour
 + Level 0.9 Dodging
 + Level 4.6 Shields


You had 5 spell levels left.
You didn't know any spells.
Your spell library contained the following spells:

 Spells                   Type           Power      Damage    Failure   Level
 Apportation              Tloc           0%         N/A       98%         1
 Freeze                   Ice            0%         1d3       98%         1
 Blink                    Tloc           0%         N/A       99%         2
 Momentum Strike          Conj/Tloc      0%         3d8       99%         2
 Frozen Ramparts          Ice            0%         1d1       100%        3
 Hailstorm                Conj/Ice       0%         3d3       100%        3
 Lesser Beckoning         Tloc           0%         N/A       100%        3
 Alistair's Intoxication  Tmut/Pois      0%         N/A       100%        5


Dungeon Overview and Level Annotations

Branches:
Dungeon (4/15)
 Temple: D:4-7

Altars:
Trog
Uskayaw
Yredelemnul

Shops:
D:1 !


Innate Abilities, Weirdness & Mutations

You are immune to sickness and miasma.
Your stone body is resilient. (AC +4)
You are immune to poison.
You resist negative energy. (rN+)
You are resistant to electric shocks. (rElec)
You are resistant to unholy torment.
You are immune to petrification.


Message History

You pick up a book of Frost and begin reading...
You add the spells Freeze, Frozen Ramparts and Hailstorm to your library.
Done exploring.
There is a stone staircase leading down here.
You climb downwards.
There is a stone staircase leading up here.
Found a scroll labelled UQEUVU OTHRANIF and 8 gold pieces.
k - 2 scrolls labelled UQEUVU OTHRANIF (gained 1)
You now have 87 gold pieces (gained 8).
Found 20 gold pieces.
You now have 107 gold pieces (gained 20).
A hobgoblin comes into view.
The hobgoblin shouts!
The hobgoblin completely misses you.
You hit the hobgoblin.
You kill the hobgoblin!
Nothing quivered!
An endoplasm comes into view.
The endoplasm quivers.
You hit the endoplasm.
You kill the endoplasm!
An endoplasm comes into view.
The endoplasm quivers.
The endoplasm jiggles.
The endoplasm freezes you.
You are frozen.
You sock the endoplasm!
You kill the endoplasm!
There is a stone staircase leading up here.
Trog hurls fiery rage upon you!
The fireball explodes!
The fireball engulfs you!!
Ouch! That really hurt!
You hear a shout! x2
Trog sends monsters to punish you. 3 polar bears come into view.
The polar bear bites you! The polar bear misses you. x2
You hit the polar bear but do no damage.
The polar bear bites you!
You die...
Your body rises from the dead as a mindless zombie.

##.# ##.##
#.## ##..#
#..# #..##
##<####..#
##....#..##
##...#....#
##...####.##
##hh.## ##.#
#.@.## .#
#.h### #.
#..## .#
...# #.
..... .#
#..... .....
.....


You could see 3 polar bears.

Vanquished Creatures
  An orc wizard (D:2)
  2 scorpion zombies (D:3)
  A hound zombie (D:3)
  4 gnolls
  8 adders
  An adder zombie (D:3)
  2 worms
  3 dart slugs (D:2)
  2 orcs (D:2)
  5 bats (D:1)
  7 endoplasms
  3 giant cockroaches
  3 goblins
  3 hobgoblins
  3 jackals (D:1)
  13 ball pythons
  4 frilled lizards
  6 kobolds
  3 rats (D:1)
74 creatures vanquished.

Vanquished Creatures (others)
  A bat (D:2)
  5 fungi (D:2)
  7 plants (D:2)
13 creatures vanquished.

Grand Total: 87 creatures vanquished

Notes
Turn   | Place    | Note
-------+----------+-------------------------------------------
     0 | D:1      | Keeyek the Gargoyle Fighter began the quest for the Orb.
     0 | D:1      | Reached XP level 1. HP: 14/14 MP: 1/1
   163 | D:1      | Reached XP level 2. HP: 18/19 MP: 2/2
   549 | D:1      | Reached XP level 3. HP: 23/23 MP: 3/3
   621 | D:1      | Found Qav Ushrori's Distillery.
  1382 | D:2      | Reached XP level 4. HP: 5/28 MP: 4/4
  1622 | D:2      | Reached XP level 5. HP: 29/33 MP: 5/5
  1969 | D:2      | Found a faded altar of an unknown god.
  2011 | D:2      | Prayed at the altar of an unknown god.
  2011 | D:2      | Became a worshipper of Trog the Wrathful
  2011 | D:2      | Reached * piety under Trog
  3004 | D:3      | Found a hide-covered altar of Uskayaw.
  3356 | D:3      | Found a basalt altar of Yredelemnul.
  3372 | D:3      | Reached XP level 6. HP: 25/38 MP: 6/6
  3376 | D:3      | Fell from the grace of Trog
  3376 | D:3      | Became a worshipper of Yredelemnul the Dark
  3927 | D:4      | Noticed a polar bear
  3927 | D:4      | Noticed a polar bear
  3927 | D:4      | Noticed a polar bear
  3929 | D:4      | Slain by a polar bear

Illustrated notes

Levels and vault maps discovered:
D:1:      dpeg_arrival_shelter, layout_loops_ring, serial_shops, shop_fountains,
          ebering_dispersal_statue_hall
D:2:      layout_basic, shapermc_ecumenical_altar_ellora,
          minmay_shallow_snake_nest
D:3:      layout_basic, mainiacjoe_overflow_surrounded_room,
          nicolae_yredelemnul_corpse_copse
D:4:      layout_cave_pods, cheibrodos_ashenzari_chains, uniq_menkaure,
          uniq_eustachio

Skill      XL: |  1  2  3  4  5 |
---------------+----------------+-----
Armour         | 4 |  4.8
Shields        | 4 |  4.6
Maces & Flails | 3 |  3.7
Fighting       | 4 |  4.0
Dodging        | |  0.9

Action                   |  1- 3 |  4- 6 || total
-------------------------+-------+-------++-------
Melee: Flail             |   150 |   222 ||   372
  Use: Potion            |       |     1 ||     1
Armor: Scale mail        |   149 |   108 ||   257
       Chain mail        |       |    48 ||    48
Dodge: Dodged            |   126 |   138 ||   264
Block: Buckler           |    70 |    42 ||   112
       Tower shield      |       |    62 ||    62

Table legend: (Time is in decaauts)
 A = Elapsed time spent in this place.
 B = Non-inter-level travel time spent in this place.
 C = Inter-level travel time spent in this place.
 D = Time resting spent in this place.
 E = Time spent auto-exploring this place.
 F = Levels seen in this place.
 G = Mean time per level.
                   A        B        C        D        E       F      G
               +--------+--------+--------+--------+--------+-----+--------+
         Total |   4072 |   3937 |    135 |      0 |    822 |   4 | 1018.0 |
       Dungeon |   4072 |   3937 |    135 |      0 |    822 |   4 | 1018.0 |
               +--------+--------+--------+--------+--------+-----+--------+

Top non-repeatable levels by time:
     D:2: 1701 daAuts
     D:1: 1135 daAuts
     D:3: 976 daAuts
     D:4: 259 daAuts
